 Dungeon Crawl Stone Soup version 0.29-a0-1052-g6990b1bffc (webtiles) character file.

Game seed: 14269352977700839161

353 flotson the Sneak (level 6, -11/48 HPs)
             Began as a Demonspawn Delver on Aug 17, 2022.
             Mangled by an ogre
             ... wielding a +0 giant club
              (16 damage)
             ... on level 4 of the Dungeon.
             The game lasted 00:05:59 (5306 turns).

flotson the Sneak (Demonspawn Delver)               Turns: 5306, Time: 00:05:59

Health: -11/48     AC: 18    Str: 14    XL:     6   Next: 35%
Magic:  6/6        EV: 10    Int: 11    God:
Gold:   251        SH:  0    Dex: 15    Spells: 5/5 levels left

rFire   . . .      SeeInvis .   v - +1 short sword (elec)
rCold   . . .      Faith    .   (no shield)
rNeg    . . .      Spirit   .   n - +0 scale mail
rPois   .          Reflect  .   (no helmet)
rElec   .          Harm     .   (no cloak)
rCorr   .          Rampage  .   (no gloves)
Will    .....                   (no boots)
Stlth   +.........              (no amulet)
HPRegen 0.16/turn               (no ring)
MPRegen 0.10/turn               (no ring)

@: sanguine armoured
A: sanguine armour 3, demonic magic 1
a: no special abilities


You were on level 4 of the Dungeon.
You visited 1 branch of the dungeon, and saw 5 of its levels.

You collected 251 gold pieces.

Inventory:

Hand Weapons
 a - a +0 hand axe
 i - a +2 short sword of flaming
 v - a +1 short sword of electrocution (weapon)
Missiles
 w - 7 poisoned darts (quivered)
Armour
 n - a +0 scale mail (worn)
Jewellery
 x - a ring of magical power
Wands
 d - a wand of flame (15)
 g - a wand of digging (3)
Scrolls
 c - a scroll of fog
 j - 5 scrolls of identify {unknown}
 k - 3 scrolls of teleportation {unknown}
 m - a scroll of butterflies {unknown}
 o - a scroll of amnesia {unknown}
 q - 2 scrolls of enchant armour {unknown}
 u - a scroll of poison {unknown}
 y - a scroll of noise {unknown}
Potions
 b - 2 potions of degeneration {unknown}
 e - 2 potions of brilliance {unknown}
 f - 3 potions of haste
 h - a potion of flight {unknown}
 l - 2 potions of heal wounds {unknown}
 p - 2 potions of berserk rage {unknown}
 r - a potion of cancellation {unknown}
 s - a potion of invisibility {unknown}
 t - 4 potions of curing {unknown}
 z - a potion of mutation {unknown}


   Skills:
 + Level 4.1 Fighting
 + Level 3.1 Axes
 + Level 1.0 Throwing
 + Level 2.2 Armour
 + Level 3.0 Dodging
 - Level 4.5 Stealth
 + Level 2.5 Evocations


You had 5 spell levels left.
You didn't know any spells.
Your spell library was empty.

Dungeon Overview and Level Annotations

Branches:
Dungeon (5/15)
 Temple: D:4-7

Altars:
Uskayaw


Innate Abilities, Weirdness & Mutations

When seriously injured, your blood forms very thick armour. (AC +12)
Spells you cast may paralyse adjacent enemies.


Message History

You completely miss the ogre. You punch the ogre, but do no damage.
The ogre hits you with a +0 giant club!
Your blood congeals into armour.
You are too injured to fight recklessly!
You are too injured to fight recklessly!
You are too injured to fight recklessly!
You are too injured to fight recklessly!
You are too injured to fight recklessly!
You are too injured to fight recklessly!
You are too injured to fight recklessly!
You are too injured to fight recklessly!
You are too injured to fight recklessly!
You hit the ogre.
The ogre is lightly wounded.
The ogre closely misses you.
You hit the ogre.
The ogre is moderately wounded.
You hit the ogre.
The ogre is heavily wounded.
The ogre hits you with a +0 giant club!
You barely miss the ogre.
The ogre is heavily wounded.
The ogre closely misses you.
You barely miss the ogre. You punch the ogre.
The ogre is heavily wounded.
The ogre closely misses you.
You hit the ogre.
The ogre is heavily wounded.
You hit the ogre.
The ogre is severely wounded.
The ogre closely misses you.
You hit the ogre but do no damage.
The ogre is severely wounded.
The ogre hits you with a +0 giant club!
* * * LOW HITPOINT WARNING * * *
You hit the ogre.
The ogre is severely wounded.
You hit the ogre.
The ogre is severely wounded.
The ogre hits you with a +0 giant club!
You die...

#...#...###..##..... ##
##..####............
.####..# ###..........
[..##..# #..#####..#
#..###..# #.## .. #..#
###.## #.# ..## #.###)#
.########..#))#######.##
.w..............@O......
♣♣♣..####.._..####..♣♣♣♣
....w..................
###.#######.#####. ##..
. #.# #..# . ...## #.##
#.### ###.# #...####...#
...........#


You could see an ogre.

Vanquished Creatures
  A jelly (D:4)
  Terence (D:2)
  3 orc wizards (D:4)
  2 gnolls (D:1)
  7 adders
  An ufetubus (D:4)
  5 worms
  A dart slug (D:3)
  13 orcs
  5 ball pythons
  9 bats
  13 endoplasms
  3 giant cockroaches
  9 goblins
  12 hobgoblins
  10 kobolds
  2 quokkas
  6 frilled lizards
  9 rats
112 creatures vanquished.

Notes
Turn   | Place    | Note
-------+----------+-------------------------------------------
     0 | D:5      | flotson the Demonspawn Delver began the quest for the Orb.
     0 | D:5      | Reached XP level 1. HP: 18/18 MP: 1/1
    46 | D:5      | Noticed a scorpion
   104 | D:4      | Noticed an orc wizard
   113 | D:4      | Found a hide-covered altar of Uskayaw.
   254 | D:3      | Gained mutation: When seriously injured, your blood forms
                  | armour. (AC +12) [demonic ancestry]
   254 | D:3      | Reached XP level 2. HP: 19/24 MP: 2/2
   485 | D:3      | Reached skill level 1 in Evocations
   485 | D:3      | Gained mutation: When seriously injured, your blood forms
                  | thick armour. (AC +12) [demonic ancestry]
   485 | D:3      | Reached XP level 3. HP: 29/29 MP: 3/3
   571 | D:3      | Reached skill level 1 in Armour
  1118 | D:2      | Noticed Terence
  1764 | D:1      | Reached XP level 4. HP: 35/35 MP: 4/4
  2793 | D:2      | Killed Terence
  2794 | D:2      | Gained mutation: Spells you cast may paralyse adjacent
                  | enemies. [demonic ancestry]
  2794 | D:2      | Reached XP level 5. HP: 19/42 MP: 5/5
  2961 | D:2      | Noticed a black bear
  4906 | D:4      | Gained mutation: When seriously injured, your blood forms
                  | very thick armour. (AC +12) [demonic ancestry]
  4906 | D:4      | Reached XP level 6. HP: 48/48 MP: 6/6
  5266 | D:4      | Reached skill level 1 in Throwing
  5306 | D:4      | Mangled by an ogre

Illustrated notes

Levels and vault maps discovered:
D:1:      amcnicky_arrival_blooded_trapdoor, layout_basic,
          minmay_misc_feat_nine_boxes, corexii_corridor_pit, st_stairs_4,
          wander_ebering_terrifying_dragon_lair
D:2:      kennysheep_six_static_rooms, layout_loops_ring,
          lightli_corner_chamber, uniq_terence
D:3:      layout_loops_corners, cheibrodos_sewer_entry_bend,
          chequers_serial_rivers_micro_b
D:4:      layout_layer_cave, mainiacjoe_overflow_boulevard
D:5:      layout_rooms, palyth_stone_intersect, nicolae_shop_dragon_depot

Skill      XL: |  1  2  3  4  5  6 |
---------------+-------------------+-----
Axes           | 2 3 |  3.1
Dodging        | 2 3 |  3.0
Evocations     | 1 2 |  2.5
Armour         | 1 2 |  2.2
Fighting       | 4 |  4.1
Throwing       | 1 |  1.0
Stealth        | |  4.5

Action                   |  1- 3 |  4- 6 || total
-------------------------+-------+-------++-------
Melee: Short sword       |    93 |   274 ||   367
       Hand axe          |     4 |       ||     4
       Punch             |       |     5 ||     5
Evoke: Wand              |     2 |       ||     2
  Use: Scroll            |     3 |       ||     3
 Stab: Sleeping          |     1 |     1 ||     2
Armor: Chain mail        |    36 |       ||    36
       Scale mail        |    18 |   162 ||   180
Dodge: Dodged            |    34 |   165 ||   199

Table legend: (Time is in decaauts)
 A = Elapsed time spent in this place.
 B = Non-inter-level travel time spent in this place.
 C = Inter-level travel time spent in this place.
 D = Time resting spent in this place.
 E = Time spent auto-exploring this place.
 F = Levels seen in this place.
 G = Mean time per level.
                   A        B        C        D        E       F      G
               +--------+--------+--------+--------+--------+-----+--------+
         Total |   5351 |   5132 |    219 |    788 |   3449 |   5 | 1070.2 |
       Dungeon |   5351 |   5132 |    219 |    788 |   3449 |   5 | 1070.2 |
               +--------+--------+--------+--------+--------+-----+--------+

Top non-repeatable levels by time:
     D:3: 2351 daAuts
     D:2: 1161 daAuts
     D:1: 1061 daAuts
     D:4: 709 daAuts
     D:5: 67 daAuts
